 Dungeon Crawl Stone Soup version 0.20.0-15-g7f486f2 (webtiles) character file.

298 robba the Magician (level 6, -2/50 HPs)
             Began as a Naga Wizard on July 1, 2017.
             Was a Follower of Qazlal.
             Killed by divine providence
             ... invoked by an orc priest
              (9 damage)
             ... on level 4 of the Dungeon.
             The game lasted 00:37:46 (3593 turns).

robba the Magician (Naga Wizard)                    Turns: 3593, Time: 00:37:47

Health: -2/50      AC:  5    Str: 10    XL:     6   Next: 35%
Magic:  7/12       EV:  9    Int: 20    God:    Qazlal [*.....]
Gold:   196        SH:  1    Dex:  9    Spells: 6/14 levels left

rFire    . . .     SeeInvis +   w - +4 long sword
rCold    . . .     Gourm    .   (no shield)
rNeg     . . .     Faith    .   l - +0 leather armour
rPois    +         Spirit   .   b - +2 hat
rElec    .         Reflect  .   m - scarf {cloud immunity}
rCorr    .         Harm     .   (no gloves)
MR       .....                  (no barding)
Stlth    ++........             (no amulet)
Regen    0.2/turn               (no ring)
MPRegen  0.2/turn               (no ring)

@: very slightly contaminated, very slow
A: see invisible, deformed body, poison resistance, slowness 2, slow metabolism
1, spit poison 1, AC +2
a: Spit Poison, Renounce Religion


You were on level 4 of the Dungeon.
You worshipped Qazlal.
Qazlal was aware of your devotion.
You were hungry.

You visited 1 branch of the dungeon, and saw 4 of its levels.

You collected 196 gold pieces.

Inventory:

Hand Weapons
 o - a +2 whip of holy wrath
 w - a +4 long sword (weapon)
Missiles
 g - 69 stones
 j - 21 poisoned needles (quivered)
 v - 8 curare-tipped needles
Armour
 b - a +2 hat (worn)
 l - a +0 leather armour (worn)
 m - a scarf of cloud immunity (worn)
Wands
 y - a wand of confusion (20/48)
Scrolls
 a - a scroll of amnesia {unknown}
 e - a scroll of remove curse
 n - a scroll of random uselessness
 p - a scroll of fog
 q - a scroll of immolation {unknown}
 u - 2 scrolls of teleportation
 x - a scroll of identify
 z - a scroll of enchant armour
Potions
 f - a potion of might {unknown}
 h - a potion of flight
 s - 2 potions of heal wounds {unknown}
 t - 2 potions of berserk rage
Books
 c - a book of Minor Magic

   Spells                             Type                      Level
   a - Magic Dart                     Conjuration                  1
   b - Blink                          Translocation                2
   c - Call Imp                       Summoning                    2
   d - Slow                           Hexes                        2
   e - Conjure Flame                  Conjuration/Fire             3
   f - Mephitic Cloud                 Conjuration/Poison/Air       3
Comestibles
 d - 2 bread rations
 i - a royal jelly
 r - a meat ration


   Skills:
 + Level 0.4 Fighting
   Level 0.4(0.5) Short Blades
 + Level 0.4(0.5) Long Blades
 + Level 1.4 Armour
 + Level 2.2 Dodging
 + Level 3.8 Stealth
 + Level 4.6 Spellcasting
 + Level 2.0 Conjurations
 + Level 2.5 Summonings
 + Level 1.0 Translocations


You had 6 spell levels left.
You knew the following spells:

 Your Spells              Type           Power        Failure   Level  Hunger
a - Magic Dart            Conj           ##..         7%          1    None
b - Call Imp              Summ           ##......     9%          2    #......
c - Blink                 Tloc           N/A          16%         2    #......
d - Mephitic Cloud        Conj/Pois/Air  #.......     36%         3    ##.....


Dungeon Overview and Level Annotations

Branches:
Dungeon (4/15)             Temple (0/1) D:4

Altars:
Qazlal
Yredelemnul


Innate Abilities, Weirdness & Mutations

You cannot wear boots.
Your serpentine skin is tough. (AC +2)
You have supernaturally acute eyesight. (SInv)
Armour fits poorly on your strangely shaped body.
Your system is resistant to poisons. (rPois)
You cover ground very slowly.
You have a slow metabolism.
You can spit poison.


Message History

Unknown command.
You hit the orc priest.
The orc priest is lightly wounded.
The orc barely misses you. You block the orc priest's attack.
Unknown command.
You barely miss the orc priest.
The orc priest is lightly wounded.
The orc hits you but does no damage.
The orc priest mumbles some strange prayers to Beogh against you.
Beogh smites you!
* * * LOW HITPOINT WARNING * * *
The orc hits you but does no damage.
You feel better.
Your crimson imp disappears in a puff of smoke!
The orc priest hits you with a whip.
* * * LOW HITPOINT WARNING * * *
You swap places.
The orc priest calls down the wrath of Beogh upon you.
Beogh smites you!
You die...

##### .. .# o# o# ### o#
##.## .# ##.#.#########o# .#
##.###......@5oo# ## #.#
#...#.############# #. ..#
#.##.## #.. .#.. #.##.#######
#.# ... #####'###......# #.#
#.#
..#.....######.######.#####.#
..#.###.#.................>.#
..'.+>#.+.###..#####..#######
.##.###.#.# #..#####..#


You could see an orc priest, 2 orcs and a friendly crimson imp.

Vanquished Creatures
  2 hounds (D:4)
  An orc wizard (D:4)
  5 adders
  2 oozes
  A worm (D:4)
  A dart slug (D:1)
  3 leopard geckos
  An orc (D:3)
  A giant cockroach (D:2)
  7 goblins
  3 hobgoblins
  9 jackals
  9 kobolds
  A ball python (D:2)
  10 bats
  3 frilled lizards (D:1)
  8 rats
67 creatures vanquished.

Vanquished Creatures (collateral kills)
  The ghost of PhoenticPhoenix the Magician, an amateur SpEE of Fedhas (D:3)
  A worker ant (D:4)
  3 adders
  An ooze (D:2)
  3 worms
  5 orcs (D:3)
  4 giant cockroaches
  2 goblins
  2 hobgoblins (D:2)
  5 jackals
  2 kobolds
  A rat (D:2)
30 creatures vanquished.

Vanquished Creatures (others)
  A frilled lizard (D:2)
1 creature vanquished.

Grand Total: 98 creatures vanquished

Notes
Turn   | Place    | Note
-------+----------+-------------------------------------------
     0 | D:1      | robba the Naga Wizard began the quest for the Orb.
     0 | D:1      | Reached XP level 1. HP: 15/15 MP: 4/4
    81 | D:1      | Reached XP level 2. HP: 7/22 MP: 0/6
   582 | D:1      | Reached XP level 3. HP: 28/28 MP: 5/8
  1225 | D:2      | Found a faded altar of an unknown god.
  1231 | D:2      | Reached XP level 4. HP: 31/37 MP: 0/9
  1235 | D:2      | Learned a level 2 spell: Call Imp
  1238 | D:2      | Learned a level 2 spell: Blink
  1272 | D:2      | Learned a level 3 spell: Mephitic Cloud
  1900 | D:2      | Found a stormy altar of Qazlal.
  1906 | D:2      | Became a worshipper of Qazlal Stormbringer
  2009 | D:2      | Reached skill level 4 in Spellcasting
  2268 | D:3      | Found a basalt altar of Yredelemnul.
  2274 | D:3      | Reached XP level 5. HP: 43/43 MP: 8/11
  2313 | D:3      | Reached skill level 1 in Armour
  2865 | D:3      | Noticed PhoenticPhoenix's ghost (amateur SpEE)
  2880 | D:3      | Killed PhoenticPhoenix's ghost
  3015 | D:4      | Reached * piety under Qazlal
  3126 | D:4      | Reached XP level 6. HP: 44/50 MP: 10/12
  3321 | D:4      | Found a staircase to the Ecumenical Temple.
  3593 | D:4      | Killed from afar by an orc priest

Skill      XL: |  1  2  3  4  5 |
---------------+----------------+-----
Dodging        | 2 |  2.2
Spellcasting   | 4 |  4.6
Armour         | 1 |  1.4
Conjurations   | 2 |  2.0
Summonings     | 2 |  2.5
Fighting       | |  0.4
Short Blades   | |  0.4
Long Blades    | |  0.4
Stealth        | |  3.8
Translocations | |  1.0

Action                   |  1- 3 |  4- 6 || total
-------------------------+-------+-------++-------
Melee: Dagger            |    24 |    83 ||   107
       Unarmed           |     2 |       ||     2
       Long sword        |       |    19 ||    19
 Cast: Magic Dart        |    91 |    60 ||   151
       Call Imp          |       |    46 ||    46
 Abil: Spit Poison       |       |     1 ||     1
  Use: Potion            |     2 |     2 ||     4
       Scroll            |     1 |     6 ||     7
 Stab: Sleeping          |       |     2 ||     2
  Eat: Chunk             |       |     3 ||     3
       Bread ration      |       |     1 ||     1
Armor: Robe              |     1 |       ||     1
       Leather armour    |    26 |    46 ||    72
Dodge: Dodged            |    38 |    78 ||   116
Block: Other             |       |     1 ||     1
       Rpst.: Long sword |       |     3 ||     3
